[Event "Late-Titled-Tuesday-Blitz-May-07-2024"]
[Site "Chess.com"]
[Date "2024.05.07"]
[Round "3"]
[White "RuperezA"]
[Black "stefy02"]
[Result "1/2-1/2"]
[WhiteElo "2631"]
[BlackElo "2442"]
[TimeControl "180+1"]
[EndTime "14:29:56 PDT"]
[Termination "Game drawn by repetition"]

1. e4 e5 2. Nf3 Nc6 3. Bc4 Bc5 4. O-O Nf6 5. d3 a6 6. c3 d6 7.
Bb3 O-O 8. h3 Ba7 9. Nbd2 Be6 10. Re1 Re8 11. Nf1 Bxb3 12. Qxb3 b5 13. Be3 d5 14.
Bxa7 Rxa7 15. Rad1 d4 16. cxd4 Nxd4 17. Nxd4 Qxd4 18.
Ne3 c5 19. Nf5 Qd7 20. Qc3 Rc7 21. b4 Nd5 22. exd5 cxb4 23. Qxb4 Qxf5 24. Re3 Rc2 25. Rf3 Qd7 26. Qb3 Rc5 27. d6 Rc6 28. a4 Rxd6 29. axb5 axb5 30. Re1 Rde6 31. Re4 h6 32. h4 Rb8 33.
Rb4 Rbb6 34. Kh2 Rf6 35. Rxf6 Rxf6 36. f3 Rf4 37. Rxf4 exf4 38. d4 Qxd4 39. Qxb5 Qf6 40. Qe8+ Kh7 41. Qe4+ g6 42. h5 Qh4+ 43. Kg1 Qxh5 44.
Qxf4 Qc5+ 45. Kh2 Kg7 46. Qe4 Qc7+ 47. Kg1 Qb6+ 48. Kh2 Qf6 49. Qd5 g5 50. g4 Qb2+ 51. Kg3 Qc3 52. Qd6 Qe1+ 53. Kg2 Qe2+ 54. Kg3 Qe3 55. Qd5 Qf4+ 56. Kg2 Qf6 57. Qe4 Qb2+ 58. Kg3 Qb8+ 59. Kh3 Qd6 60. Qf5 Qf6 61. Qe4 Qd6 62.
Kg2 Qd2+ 63. Kg3 Qd6+ 64. Kh3 Qf6 65. Kg2 Qd6 66. Qf5 Qf6 67. Qd5 Qb2+ 68. Kg3 Qb8+ 69. Kg2 Qf4 70. Qc6 Qf6 71. Qc2 Qf4 72. Qe2 Qf6 73. Qd3 Qf4 74. Qe2 Qf6 75. Qe4 1/2-1/2

[Event "Late-Titled-Tuesday-Blitz-May-07-2024"]
[Site "Chess.com"]
[Date "2024.05.07"]
[Round "3"]
[White "katharinareinecke"]
[Black "PapaieDudu"]
[Result "1/2-1/2"]
[WhiteElo "1927"]
[BlackElo "2347"]
[TimeControl "180+1"]
[EndTime "14:30:01 PDT"]
[Termination "Game drawn by stalemate"]

1. d4 d5 2. c4 e6 3. Nf3 Nf6 4.
g3 Be7 5. Bg2 O-O 6. O-O dxc4 7.
Ne5 c5 8. dxc5 Qc7 9. Nxc4 Qxc5 10. Qc2 Nc6 11. Be3 Qh5 12. h3 Bd7 13. a3 Rac8 14. Nc3 Nd5 15. Nxd5 exd5 16. Rad1 Bf5 17. Rxd5 Bxc2 18.
Rxh5 f5 19. Bg5 Bxg5 20. Rxg5 Nd4 21. Nd6 Nxe2+ 22. Kh2 h6 23. Nxc8 hxg5 24. Bxb7 f4 25. Bd5+ Kh7 26. g4 Rxc8 27. Re1 Bd3 28. b4 Rc3 29.
Be6 g6 30. h4 gxh4 31. Kh3 Bf5+ 32. Kxh4 Bxe6 33. Rxe2 Rc6 34. b5 Rb6 35. a4 Bc4 36.
Re4 Bb3 37. Rxf4 Kg7 38. g5 a6 39. Rb4 Bc2 40. Rc4 axb5 41. Rxc2 b4 42. Rb2 b3 43. a5 Rb4+ 44. Kg3 Kf7 45. a6 Ke6 46. a7 Ra4 47. Rxb3 Rxa7 48. f4 Ra5 49. Rb4 Kf5 50.
Rc4 Rd5 51. Rb4 Rd3+ 52. Kg2 Kg4 53. Kf2 Rf3+ 54. Ke2 Rxf4 55. Rxf4+ Kxf4 56. Kf2 Kf5 57. Kf3 Ke5 58. Kg4 Ke4 59. Kg3 Kf5 60. Kf3 Kxg5 61. Kg3 Kh5 62. Kh3 Kh6 63. Kg4 Kh7 64. Kg5 Kg7 65. Kg4 Kf7 66. Kg5 Kg7 67. Kg4 Kf6 68. Kf4 g5+ 69. Kg4 Kg6 70. Kg3 Kh5 71. Kh3 g4+ 72. Kg3 Kg5 73. Kg2 Kf5 74. Kg3 Kg5 75. Kg2 Kf4 76. Kf2 g3+ 77. Kg2 Kg4 78. Kg1 Kf3 79. Kf1 g2+ 80. Kg1 Kg3 1/2-1/2

[Event "Late-Titled-Tuesday-Blitz-May-07-2024"]
[Site "Chess.com"]
[Date "2024.05.07"]
[Round "3"]
[White "IlanSchnaider"]
[Black "scandalgod"]
[Result "0-1"]
[WhiteElo "2705"]
[BlackElo "2515"]
[TimeControl "180+1"]
[EndTime "14:30:06 PDT"]
[Termination "scandalgod won by checkmate"]

1. e4 e5 2. Nf3 Nc6 3. d4 exd4 4. Nxd4 Bc5 5. Nb3 Bb6 6. Nc3 Nf6 7. Qe2 d6 8. Bg5 Be6 9. O-O-O h6 10. Bh4 Qe7 11. f4 O-O-O 12. e5 dxe5 13. fxe5 Rxd1+ 14. Nxd1 Qb4 15. exf6 Qxh4 16. fxg7 Qg5+ 17. Kb1 Rd8 18. Nc3 Qxg7 19. Qe4 Re8 20. Bb5 Bd7 21. Qf3 a6 22. Ba4 Re5 23. a3 Qg6 24. Qf4 Rf5 25. Qe4 Rf2 26. Qxg6 fxg6 27. g3 Bf5 28. Nc1 Nd4 29. Nd3 Rg2 30. Re1 c6 31. Re8+ Bd8 32. Re3 b5 33.
Bb3 Nxb3 34. cxb3 Rd2 35. Kc1 Rxd3 36. Re8 Kd7 37. Rg8 Bg5+ 38. Kc2 Rxg3+ 39. Kd1 Rg1+ 40.
Ke2 Rg2+ 41. Kf1 Rxb2 42. Ne2 Bd3 43. Rg7+ Kd6 44. Ke1 Rxe2+ 45. Kd1 Rd2+ 46. Ke1 Ra2 47. a4 Bh4+ 48. Kd1 Bf6 49. Rg8 Bc3 50. Rd8+ Kc5 51. Rxd3 Kb4 52. Rg3 Kxb3 53. axb5 axb5 54. h4 Rh2 55. Rxg6 Rxh4 56. Rxc6 Rd4+ 57. Kc1 h5 58. Rh6 h4 59. Re6 Rg4 60. Kd1 h3 61. Rh6 Rg3 62. Ke2 b4 63. Kf2 Rg2+ 64. Kf3 Rd2 65. Ke3 Kc2 66.
Ke4 Rd3 67. Rh7 b3 68. Rf7 h2 69. Rf2+ Rd2 70. Rf1 b2 71. Ke3 b1=Q 72. Rf5 Qe1+ 73. Kf4 Rf2+ 74. Kg4 Qe4+ 75. Kh3 Qxf5+ 76. Kg3 Qf4+ 77.
Kh3 Rf3+ 78. Kg2 Qg3+ 79. Kh1 Rf1# 0-1

[Event "Late-Titled-Tuesday-Blitz-May-07-2024"]
[Site "Chess.com"]
[Date "2024.05.07"]
[Round "3"]
[White "Caracal3000"]
[Black "NaciSAN"]
[Result "1-0"]
[WhiteElo "2507"]
[BlackElo "2301"]
[TimeControl "180+1"]
[EndTime "14:30:06 PDT"]
[Termination "Caracal3000 won by resignation"]

1. e4 d6 2. d4 Nf6 3. Nc3 e5 4. Nf3 Nc6 5. Bc4 Be7 6. O-O O-O 7. h3 a6 8. a4 h6 9. Re1 Re8 10. dxe5 Nxe5 11. Nxe5 dxe5 12. Qf3 Bb4 13. Rd1 Qe7 14. Nd5 Nxd5 15. Bxd5 c6 16. Bc4 Be6 17. Bxe6 Qxe6 18. Be3 b5 19. c3 Be7 20. Qe2 Qb3 21. Rd7 Rad8 22. Ra7 Ra8 23. Rd7 Rad8 24. Ra7 Ra8 25. Rxa8 Rxa8 26. axb5 cxb5 27. Rd1 a5 28. Rd7 Bf8 29. Rd5 b4 30. cxb4 axb4 31. Bc5 Bxc5 32.
Rxc5 Ra2 33. Qg4 Qe6 34. Qxe6 fxe6 35. Rxe5 Kf7 36. Rb5 Rxb2 37. f3 b3 38. Kh2 Kf6 39. h4 h5 40. Rxh5 e5 41. Rh8 Rc2 42. Rb8 b2 43.
Kg3 Kg6 44. Rb6+ Kf7 45. Kh3 g6 46. g3 Rf2 47. Kg4 Rg2 48. Rb3 Kf6 49. Kh3 Rf2 50.
Kg4 Rg2 51. Rb6+ Kf7 52. Rb5 Kf6 53. Rb7 Rh2 54. Rb6+ Kf7 55. Kg5 Rf2 56. Rb7+ Ke6 57. Kxg6 Rxf3 58. g4 Rf4 59. Kg5 Rxe4 60. Rxb2 Re1 61. h5 Rh1 62. Kg6 e4 63. g5 Ke5 64.
h6 e3 65. Kg7 Kf5 66. g6 Rg1 67. Rb5+ Kf4 68. Rb4+ Kf5 69. Rb5+ Kf4 70. Rb8 Kf5 71. Rf8+ Kg5 72. h7 e2 73. Re8 Kf5 74. h8=Q Rxg6+ 75. Kh7 Rg5 76. Qf8+ Kg4 77. Rxe2 Rh5+ 78. Kg6 Rg5+ 79.
Kf7 Rf5+ 80. Ke8 Rxf8+ 81. Kxf8 1-0

[Event "Late-Titled-Tuesday-Blitz-May-07-2024"]
[Site "Chess.com"]
[Date "2024.05.07"]
[Round "3"]
[White "jbking07"]
[Black "AungTZ"]
[Result "1-0"]
[WhiteElo "2398"]
[BlackElo "2094"]
[TimeControl "180+1"]
[EndTime "14:30:09 PDT"]
[Termination "jbking07 won on time"]

1. e4 c5 2. Nf3 Nc6 3. Bb5 e6 4. O-O Nge7 5. Re1 a6 6. Bf1 d5 7. exd5 Nxd5 8. Nc3 Be7 9. Ne4 O-O 10. g3 b6 11. Bg2 Bb7 12. d3 Nd4 13. c4 Nb4 14.
Nxd4 Qxd4 15. Be3 Qd7 16. Re2 Rad8 17. a3 Nc6 18. h4 h6 19. Rd2 Nd4 20. b4 f5 21. Nc3 Bxg2 22. Kxg2 Qb7+ 23. f3 cxb4 24. axb4 Bxb4 25. Rc1 Bxc3 26. Rxc3 e5 27. Rb2 Qc6 28. Qf1 f4 29. Bxd4 Rxd4 30. Rcb3 Qg6 31. g4 Rf6 32.
Qc1 h5 33. g5 Rfd6 34. Qb1 Rxd3 35. Rxd3 Qxd3 36. Qxd3 Rxd3 37. Rxb6 Rd2+ 38. Kf1 Rc2 39.
Rxa6 Rxc4 40. Ra8+ Kh7 41. Ra5 e4 42. Re5 exf3 43.
Kf2 Rc3 44. Re4 Kg6 45. Rxf4 Ra3 46. Kg3 Rb3 47. Kf2 Ra3 48. Rc4 Rb3 49. Rc6+ Kf5 50. Rc7 Kg4 51. Rc4+ Kh3 52. Rc7 Kxh4 53. Rxg7 Rb5 54.
g6 Kg5 55. Rf7 Kxg6 56. Rxf3 Rb2+ 57. Kg3 Rb5 58. Kh4 Rg5 59. Re3 Rg4+ 60. Kh3 Rb4 61. Re6+ Kf5 62. Rh6 Kg5 63. Rc6 Rb3+ 64. Kg2 Kf4 65.
Rc4+ Ke5 66. Rh4 Rb2+ 67. Kf3 Rb3+ 68. Kg2 Rb2+ 69. Kf1 Rb1+ 70. Ke2 Rb2+ 71. Kd3 Rb3+ 72. Kc2 Rb4 73. Rxh5+ Kd6 74. Rh8 Kc5 75. Rh6 Kd5 76. Kc3 Rg4 77. Rh5+ Ke6 78. Kd3 Kf7 79. Rc5 Kg6 80. Rc7 Kf6 81. Ke3 Ra4 82. Rc6+ Ke5 83. Rc5+ Kd6 84. Rh5 Ke6 85. Kd3 Kd6 86. Kc3 Ke6 87.
Kb3 Rf4 88. Rh8 Kf7 89. Rb8 Ke6 90. Rb6+ Kd5 91. Rb4 Kc5 92. Rxf4 1-0

[Event "Late-Titled-Tuesday-Blitz-May-07-2024"]
[Site "Chess.com"]
[Date "2024.05.07"]
[Round "3"]
[White "prime-morty"]
[Black "mbojan"]
[Result "0-1"]
[WhiteElo "2709"]
[BlackElo "2899"]
[TimeControl "180+1"]
[EndTime "14:30:12 PDT"]
[Termination "mbojan won by checkmate"]

1. c4 g6 2. Nc3 Bg7 3. g3 d6 4. Bg2 Nc6 5. Rb1 Bd7 6. b4 Qc8 7. b5 Nd8 8. d4 h5 9. h3 Nf6 10. Nf3 O-O 11. e4 e5 12. dxe5 dxe5 13. Nxe5 Nxe4 14.
Nd5 Re8 15. Nxd7 Nc3+ 16. Be3 Nxd1 17. Rxd1 Kh8 18. N7f6 Re6 19. Ne4 c6 20. Nf4 Re7 21. Nd6 Qc7 22. O-O Ne6 23. Nxf7+ Rxf7 24. Nxe6 Qe7 25.
Nxg7 Kxg7 26. bxc6 bxc6 27. Bxc6 Rb8 28. Rd7 Qa3 29. Bd4+ Kf8 30. Rxf7+ Kxf7 31. Bd5+ Kf8 32. Re1 Re8 33. Bg7+ Kxg7 34. Rxe8 Qxa2 35. Rg8+ Kf6 36. Be4 Qxc4 37. Rxg6+ Kf7 38. Bf5 a5 39. Rb6 a4 40.
Bg6+ Kg7 41. Bxh5 a3 42. Rb7+ Kf6 43. Ra7 Qc1+ 44. Kg2 Qb2 45. Bf7 Qb6 46. Rxa3 Kxf7 47. Rf3+ Kg6 48. g4 Qc6 49. Kg3 Qd6+ 50. Kg2 Qd5 51.
Kg3 Qe5+ 52. Kg2 Qe4 53. Kg3 Qe2 54. Rf5 Qf1 55. h4 Qg1+ 56. Kh3 Kg7 57. h5 Kh6 58. Rf6+ Kh7 59. Rf5 Kg7 60. f3 Qf2 61. Rg5+ Kh7 62. Rf5 Kh6 63. Rf6+ Kg7 64. Rf5 Kg8 65. Rg5+ Kf7 66.
Rf5+ Ke6 67. h6 Qe1 68. Kg2 Qe2+ 69. Kg3 Qe1+ 70. Kg2 Qd2+ 71. Kg3 Qxh6 72. Kg2 Qd2+ 73. Kg3 Qe1+ 74. Kg2 Ke7 75. Kh3 Qf2 76. Rg5 Qxf3+ 77. Kh4 Qf2+ 78. Kh5 Qh2+ 79. Kg6 Qd6+ 80. Kh5 Qf4 81.
Rg7+ Kf6 82. Rg6+ Kf7 83. Rc6 Qh2+ 84. Kg5 Qd2+ 85. Kh5 Qd5+ 86. g5 Qxc6 87. g6+ Qxg6+ 88. Kh4 Kf6 89. Kh3 Kf5 90. Kh2 Kf4 91. Kh3 Kf3 92.
Kh2 Qg2# 0-1

[Event "Late-Titled-Tuesday-Blitz-May-07-2024"]
[Site "Chess.com"]
[Date "2024.05.07"]
[Round "3"]
[White "Revan_2002"]
[Black "Blackmind96"]
[Result "1-0"]
[WhiteElo "2731"]
[BlackElo "2887"]
[TimeControl "180+1"]
[EndTime "14:30:15 PDT"]
[Termination "Revan_2002 won by resignation"]

1. Nf3 g6 2. d4 Bg7 3. c4 d6 4. Nc3 Nf6 5. Bg5 O-O 6. e3 c5 7. d5 b5 8. cxb5 a6 9. a4 Qa5 10. Nd2 axb5 11. Bxb5 Ba6 12. O-O Nbd7 13. Nc4 Qb4 14. Qe2 Bxb5 15. axb5 Rfb8 16. e4 h6 17. Bd2 Qb3 18. Na5 Qxb2 19. Ra2 Qb4 20. Nc6 Qb3 21.
Nxb8 Rxa2 22. Nxd7 Nxd7 23. Nxa2 Qxa2 24. Re1 c4 25. Be3 Qb3 26. b6 Nxb6 27. Bxb6 Qxb6 28. Qxc4 Bd4 29. Qe2 Kg7 30. g3 Qb3 31. Kg2 h5 32.
Rd1 Bc5 33. h4 Qb4 34. e5 Qc3 35. e6 f5 36. Qf3 Qc2 37. Qd3 Qxf2+ 38. Kh3 Qb2 39. Rb1 Qe5 40. Rc1 Qf6 41. Qf3 Qd4 42. Qc3 Kf6 43. Qxd4+ Bxd4 44. Re1 Bf2 45. Re2 Bd4 46.
Kg2 g5 47. hxg5+ Kxg5 48. Kf3 Bf6 49. Rc2 Kg6 50. Rc8 Bg5 51. Rg8+ Kf6 52. Rh8 Kg6 53.
Rf8 Bf6 54. Rf7 Bg5 55. Ke2 h4 56. gxh4 Bxh4 57. Kf3 Bf6 58. Kf4 Bg5+ 59. Kg3 Bf6 60. Kf3 Bg5 61. Rf8 Bf6 62. Rg8+ Kh7 63. Rg2 Be5 64.
Rg5 Bf6 65. Rxf5 Kg6 66. Kg4 Bg7 67. Rf7 Bf6 68. Rf8 Kg7 69. Ra8 Kg6 70. Rg8+ Kh7 71.
Re8 Kg6 72. Kf4 Bg5+ 73. Ke4 Bf6 74. Kd3 Kf5 75. Kc4 Ke5 76. Rg8 Ke4 77. Rg2 Kf3 78. Rg1 Ke4 79. Re1+ Kf5 80. Re2 Be5 81. Kb5 Bf6 82.
Kc6 Bh4 83. Kd7 Kf4 84. Rh2 Bf6 85. Rh7 Ke5 86. Rxe7 Kxd5 87. Rf7 Bh4 88. Rf5+ Ke4 89. Rh5 Bf6 90. Kxd6 1-0

[Event "Late-Titled-Tuesday-Blitz-May-07-2024"]
[Site "Chess.com"]
[Date "2024.05.07"]
[Round "3"]
[White "Slovak_fighter2000"]
[Black "CarlosjPineror"]
[Result "0-1"]
[WhiteElo "2451"]
[BlackElo "2658"]
[TimeControl "180+1"]
[EndTime "14:30:16 PDT"]
[Termination "CarlosjPineror won on time"]

1. d4 Nf6 2. Nf3 d6 3. c4 g6 4. Nc3 Bf5 5. Bg5 Bg7 6. e3 Ne4 7. Nxe4 Bxe4 8. Bd3 Bxd3 9. Qxd3 O-O 10. O-O Nc6 11.
Rab1 Qd7 12. h3 f5 13. d5 Ne5 14. Nxe5 dxe5 15. e4 f4 16. f3 e6 17. Bh4 h6 18. Rfd1 g5 19. Bf2 Rfd8 20. b4 c6 21. Qb3 exd5 22. cxd5 cxd5 23. Rxd5 Qf7 24. Rbd1 Rxd5 25.
Rxd5 b6 26. Rd7 Qxb3 27. axb3 Bf8 28. b5 a6 29. bxa6 Rxa6 30. Rb7 Ra1+ 31. Kh2 Rf1 32. Bxb6 Bb4 33. Bg1 Be1 34. g4 Bg3+ 35. Kg2 Rb1 36. Rc7 Rb2+ 37. Kh1 Rxb3 38. Kg2 Rb2+ 39. Kh1 Rb1 40. Kg2 Ra1 41. Rc2 Kf7 42. Rb2 Ra5 43. Bb6 Ra3 44. Bc7 Ke6 45. Bb6 Kd7 46. Bc5 Rd3 47.
Bf8 h5 48. gxh5 Ke8 49. Bg7 Kf7 50. Bxe5 Ra3 51. h6 Kg6 52. Rb6+ Kh7 53. Rb2 Kxh6 54. Bf6 Ra5 55. e5 Kh5 56. Re2 Kg6 57. Bd8 Ra8 58. Bc7 Re8 59. Bd6 Kf5 60. Rc2 Ke6 61. Rc7 Ra8 62. Rc2 Ra7 63. Re2 Rb7 64. Rd2 Rb1 65.
Rc2 Re1 66. Rb2 Rd1 67. Rc2 Rd5 68. Re2 Rb5 69. Bf8 Bh4 70. Bg7 Rb3 71. Bf6 Rb6 72.
Rd2 Rc6 73. Kf1 Rc3 74. Kg2 Rc6 75. Rc2 Rxc2+ 0-1

[Event "Late-Titled-Tuesday-Blitz-May-07-2024"]
[Site "Chess.com"]
[Date "2024.05.07"]
[Round "3"]
[White "Shiner22"]
[Black "Noki102"]
[Result "1/2-1/2"]
[WhiteElo "2293"]
[BlackElo "2559"]
[TimeControl "180+1"]
[EndTime "14:30:19 PDT"]
[Termination "Game drawn by stalemate"]

1. e4 e5 2. Nf3 Nc6 3. Bc4 Nf6 4. d4 exd4 5. O-O Nxe4 6. Re1 d5 7. Bxd5 Qxd5 8. Nc3 Qd7 9. Rxe4+ Be7 10. Nxd4 f5 11.
Rf4 O-O 12. Nxc6 Qxc6 13. Nd5 Bd6 14. Rd4 Be6 15. c4 Rad8 16. Bf4 Bxd5 17. cxd5 Qb6 18.
Bxd6 Rxd6 19. b3 Rfd8 20. Qd3 c6 21. Rd1 Rxd5 22. Qc4 Qa5 23. b4 Qa6 24. Qxa6 bxa6 25. Rxd5 Rxd5 26. Rc1 Rd2 27. g3 Rxa2 28. Rxc6 h6 29. h4 a5 30. Ra6 a4 31. Rxa7 Kh7 32.
h5 a3 33. Kg2 f4 34. gxf4 Rb2 35. Rxa3 Rxb4 36. Kg3 Rb5 37. Kg4 Rb1 38. Rg3 Rf1 39.
f3 Rh1 40. Rh3 Rf1 41. f5 Kg8 42. Kf4 Kf7 43. Rg3 Rh1 44. Kg4 Rc1 45. Rg2 Rc4+ 46. f4 Rc1 47. Ra2 Rg1+ 48. Kf3 Rh1 49. Ra7+ Kf6 50.
Ra6+ Kxf5 51. Ra5+ Kf6 52. Kg4 Rg1+ 53. Kf3 Rf1+ 54.
Kg4 Rg1+ 55. Kf3 Re1 56. Kf2 Rc1 57. Ke3 Rc3+ 58. Ke4 Rh3 59. Rf5+ Ke6 60. Re5+ Kf7 61. Rf5+ Kg8 62. Ra5 Kh7 63. Rb5 Rh1 64. Kf3 Rf1+ 65. Kg4 Rd1 66. Kf5 Ra1 67. Ke6 Ra6+ 68. Ke7 Rf6 69. f5 Kg8 70. Rb8+ Kh7 71. Rf8 Ra6 72.
Rf7 Ra7+ 73. Ke8 Ra8+ 74. Ke7 Ra7+ 75. Ke6 Ra6+ 76. Ke5 Ra4 77. f6 Ra5+ 78. Kf4 Rg5 79. fxg7 Rxg7 80. Rxg7+ Kxg7 81. Kf5 Kf7 82. Ke5 Ke7 83.
Kf5 Kf7 84. Ke5 Kg7 85. Ke6 Kg8 86. Kf6 Kh7 87. Kf7 Kh8 88. Kg6 Kg8 89. Kxh6 Kh8 90.
Kg6 Kg8 91. h6 Kh8 92. h7 1/2-1/2

[Event "Late-Titled-Tuesday-Blitz-May-07-2024"]
[Site "Chess.com"]
[Date "2024.05.07"]
[Round "3"]
[White "Zampronha1971"]
[Black "TokChess"]
[Result "1-0"]
[WhiteElo "2466"]
[BlackElo "2638"]
[TimeControl "180+1"]
[EndTime "14:30:26 PDT"]
[Termination "Zampronha1971 won by resignation"]

1. e4 e5 2. Nf3 d6 3. d4 Nf6 4. Nc3 Nbd7 5. g4 g6 6. h3 Bg7 7. Bg5 c6 8. dxe5 dxe5 9. Qd6 Qe7 10. O-O-O Qxd6 11. Rxd6 Ke7 12. Rd1 h6 13. Bh4 g5 14.
Bg3 Ne8 15. Ne1 Nc7 16. Ng2 Nb6 17. Ne3 f6 18. Be2 Be6 19. b3 Rad8 20. f3 h5 21. Rxd8 Kxd8 22. Rh2 hxg4 23. hxg4 Rxh2 24. Bxh2 Bf8 25.
Kd2 Bd7 26. Ncd1 Ne6 27. c3 Nf4 28. Nf2 Be6 29. Nf5 Nxe2 30. Kxe2 a5 31. Kd3 Kc7 32. Nd1 Nd7 33. Bg1 Bc5 34. Bxc5 Nxc5+ 35. Kc2 Bf7 36. Nfe3 Ne6 37. Nf2 b6 38. Nd3 Bg6 39. a3 b5 40.
b4 a4 41. Nc5 Nxc5 42. bxc5 Bf7 43. Kd3 Bb3 44. c4 Kd7 45. cxb5 cxb5 46. Kc3 Kc6 47.
Kb4 Ba2 48. Nf5 Bb3 49. Ne7+ Kd7 50. Ng8 Kc6 51. Nxf6 Bd1 52. Nh7 Bxf3 53. Nxg5 Bxg4 54. Nf7 Bh5 55. Nxe5+ Kc7 56. Nd3 Bg6 57. Nf2 Kc6 58.
e5 Bf5 59. Nd1 Bd7 60. Ne3 Be6 61. Nc2 Kd5 62. Ne3+ Kxe5 63. Kxb5 Kd4 64. Nc2+ Kd5 65. c6 Kd6 66. Nb4 Kc7 67. Kc5 Bf7 68. Na6+ Kc8 69. Kd6 Be8 70. Nc5 Bf7 71. Nb7 Be8 72.
Nc5 Bf7 73. Nxa4 Be8 74. Nc3 Bf7 75. Nb5 Bc4 76. a4 Kb8 77. Kc5 Bd3 78. Kb6 Be4 79.
a5 Bxc6 80. Kxc6 Ka8 81. Kb6 Kb8 82. Ka6 Ka8 83. Na3 Kb8 84. Nc4 Ka8 85. Kb6 Kb8 86. a6 Ka8 87. Nd6 Kb8 88. Nb5 Ka8 89. Nc7+ Kb8 90. a7+ Kc8 91. a8=Q+ 1-0

[Event "Late-Titled-Tuesday-Blitz-May-07-2024"]
[Site "Chess.com"]
[Date "2024.05.07"]
[Round "3"]
[White "Licancabur"]
[Black "bipe137"]
[Result "1-0"]
[WhiteElo "2497"]
[BlackElo "2670"]
[TimeControl "180+1"]
[EndTime "14:30:33 PDT"]
[Termination "Licancabur won by checkmate"]

1. d4 d5 2. Bg5 c6 3. Nf3 Qb6 4. Qc1 Bf5 5. Nbd2 Nd7 6. e3 h6 7. Bf4 Ngf6 8. Be2 Nh5 9. O-O Nxf4 10. exf4 e6 11. c3 Bd6 12. Ne5 Qd8 13. Ndf3 O-O 14.
Qe3 f6 15. Nxd7 Qxd7 16. g3 Rae8 17. Bd3 Bh3 18. Rfe1 Qf7 19. Nh4 Qd7 20. Ng6 Rf7 21.
Qe2 f5 22. f3 c5 23. Ne5 Bxe5 24. Qxe5 c4 25. Bc2 g5 26. Re2 Qc7 27. Qxc7 Rxc7 28. Rae1 Kf7 29. fxg5 hxg5 30. Kf2 Kf6 31. Ba4 Ree7 32.
b4 cxb3 33. Bxb3 Rxc3 34. Bxd5 f4 35. g4 Re3 36. Be4 Ra3 37. Rb2 b6 38. Rc1 Rd7 39. Rc4 b5 40. Rcb4 a6 41. Rd2 Rc3 42. Rb3 Rc1 43.
Rb1 Rc4 44. Rbd1 Ra4 45. d5 exd5 46. Bxd5 Re7 47. Bb3 Rb4 48. Rd6+ Kg7 49. Rd7 Kf6 50.
R1d6+ Ke5 51. Rd5+ Kf6 52. Rf5+ Kg6 53. Rxe7 Rd4 54.
Re6+ Kg7 55. Rxg5+ Kh7 56. Re7+ Kh6 57. Rh5+ Kg6 58. Rxh3 Rd2+ 59. Re2 Rd4 60. Rh5 a5 61.
Rxb5 a4 62. Be6 a3 63. Ra5 Rd3 64. Bb3 Rc3 65. h4 Rc7 66. h5+ Kh6 67. Rxa3 Kg5 68. Kg2 Kh4 69. Ra6 Rc3 70. h6 Rc7 71. Rg6 Rf7 72.
Rg7 Rf6 73. h7 Rh6 74. g5 Rh5 75. g6 Rh6 76. Kf2 Kg5 77. Ke1 Rh1+ 78. Kd2 Rb1 79. Rg2+ Kf6 80. h8=Q Rb2+ 81. Kd3 Rxg2 82. Rh7+ Kg5 83. Rh5+ Kxg6 84. Qh6# 1-0

[Event "Late-Titled-Tuesday-Blitz-May-07-2024"]
[Site "Chess.com"]
[Date "2024.05.07"]
[Round "3"]
[White "zajka-molotok"]
[Black "youngdinousaur"]
[Result "0-1"]
[WhiteElo "2536"]
[BlackElo "2308"]
[TimeControl "180+1"]
[EndTime "14:30:34 PDT"]
[Termination "youngdinousaur won by checkmate"]

1. b3 Nf6 2. Bb2 g6 3. e3 Bg7 4. Nf3 O-O 5. Be2 d6 6. O-O e5 7.
d4 exd4 8. Nxd4 Nbd7 9. c4 c6 10. Nc3 Qc7 11. Qc2 Re8 12. Rad1 Ne5 13. Rd2 Be6 14.
Rfd1 Rad8 15. Nxe6 Rxe6 16. h3 Ned7 17. b4 Nf8 18.
Bf3 N6d7 19. a4 Ne5 20. Be2 Re7 21. b5 Red7 22. f4 Qb6 23. fxe5 Qxe3+ 24. Kh1 dxe5 25. Rxd7 Rxd7 26. Rxd7 Nxd7 27. Qd3 Qxd3 28. Bxd3 Nc5 29. Bc2 f5 30. Ba3 Ne6 31. Bd6 e4 32. Ne2 Kf7 33. a5 cxb5 34. cxb5 a6 35. b6 Ke8 36. Ba4+ Kd8 37.
Kg1 Nd4 38. Nxd4 Bxd4+ 39. Kf1 Bc3 40. Bc7+ Ke7 41. Bc6 Bxa5 42. Bxb7 Kd7 43. Bxa6 Kc6 44. Bc4 Bxb6 45. Bxb6 Kxb6 46. Bg8 h6 47. Bh7 f4 48. Bxg6 e3 49. Ke2 Kc5 50. Kf3 Kd4 51. Bc2 Ke5 52. Bd1 Kf5 53. Be2 Kg5 54. Bd3 h5 55. Be2 Kf5 56. Bd3+ Kg5 57. Bc2 Kh4 58. Kxf4 e2 59. Be4 e1=Q 60. Bf3 Qg3+ 61. Ke3 Kg5 62.
Ke4 h4 63. Ke3 Kf5 64. Kd3 Kf4 65. Ke2 Ke5 66. Kd3 Kf4 67. Ke2 Qh2 68. Kf2 Qh1 69. Ke2 Qg1 70. Kd3 Kg3 71. Ke2 Qf2+ 72.
Kd3 Qf1+ 73. Ke3 Qe1+ 74. Kd3 Kf4 75. Kd4 Qd2+ 76. Kc4 Ke3 77. Kc5 Qd4+ 78. Kc6 Kf4 79. Kc7 Ke5 80. Kc6 Qc4+ 81. Kd7 Qc5 82. Ke8 Qd6 83.
Kf7 Kf5 84. Bg4+ Ke5 85. Bf3 Qf6+ 86. Ke8 Kd6 87. Bg4 Qe7# 0-1

[Event "Late-Titled-Tuesday-Blitz-May-07-2024"]
[Site "Chess.com"]
[Date "2024.05.07"]
[Round "3"]
[White "ArtemDyachuk"]
[Black "ccccvhhhj"]
[Result "1-0"]
[WhiteElo "2701"]
[BlackElo "2489"]
[TimeControl "180+1"]
[EndTime "14:30:43 PDT"]
[Termination "ArtemDyachuk won on time"]

1. e4 e6 2. d4 d5 3. Nc3 Bb4 4.
e5 c5 5. a3 Bxc3+ 6. bxc3 Ne7 7. Qg4 Kf8 8. Nf3 Qa5 9. Bd2 Qa4 10. Rc1 Nbc6 11. Bd3 b6 12. O-O Ba6 13. Bxa6 Qxa6 14.
dxc5 bxc5 15. Be3 Qa5 16. Rb1 h6 17. Rb7 Kg8 18. a4 a6 19. Rfb1 Kh7 20. Qh5 Rhf8 21. h4 Nf5 22. Bxh6 Nxh6 23. Ng5+ Kg8 24. Rxf7 Rxf7 25.
Qg6 Nd8 26. Qh7+ Kf8 27. Qh8+ Ke7 28. Nxf7 Kxf7 29. g4 Qxa4 30. g5 Qg4+ 31. Kf1 Qc4+ 32. Kg1 Nf5 33. Qh5+ Ke7 34. Qg6 Qg4+ 35. Kf1 Rc8 36.
Rb6 Nxh4 37. Qd3 Qg2+ 38. Ke1 Qg1+ 39. Ke2 Qg4+ 40. Kf1 Nf3 41. Qxa6 Qg1+ 42. Ke2 Qe1+ 43. Kxf3 Qe4+ 44. Kg3 Qxe5+ 45. f4 Qe3+ 46. Kg4 Qg1+ 47. Kh3 Qh1+ 48. Kg3 Qg1+ 49. Kf3 Rc7 50. Rb8 Qh1+ 51.
Kg3 Nc6 52. Qb6 Qg1+ 53. Kf3 Kd7 54. Rg8 Qf1+ 55. Kg3 Qg1+ 56. Kf3 Qd1+ 57. Kg3 Ne7 58. Rxg7 Qe1+ 59. Kf3 Qd1+ 60. Kg3 Kd8 61. Rxe7 Qe1+ 62. Kf3 Qd1+ 63. Kg3 Qg1+ 64. Kf3 Qf1+ 65. Kg3 Qg1+ 66. Kh4 Qh2+ 67. Kg4 Qg2+ 68. Kh5 Qh3+ 69. Kg6 Kxe7 70. Qxc7+ Ke8 71. Qc8+ Ke7 72. Qxc5+ Kd7 73. Qa7+ Kd6 74. Qb6+ Kd7 75. Qb5+ Kd6 76. Qb4+ Kd7 77. Qd4 Qf5+ 78. Kh6 Qh3+ 79. Kg7 Qf5 80. g6 Ke7 81. Qc5+ Kd7 82.
Qa7+ Kd6 83. Qb6+ Kd7 84. Qb7+ Kd6 85. Qf7 Qxc2 86. Kg8 Qxc3 87. g7 Qc8+ 88. Qf8+ Kd7 89. Qxc8+ Kxc8 90. Kf8 Kd7 91. g8=Q Kd6 92. Qg7 d4 93.
Qxd4+ 1-0

[Event "Late-Titled-Tuesday-Blitz-May-07-2024"]
[Site "Chess.com"]
[Date "2024.05.07"]
[Round "3"]
[White "rynos0411"]
[Black "Hrant_ChessMood"]
[Result "1/2-1/2"]
[WhiteElo "2534"]
[BlackElo "2948"]
[TimeControl "180+1"]
[EndTime "14:30:57 PDT"]
[Termination "Game drawn - insufficient material"]

1. e4 c6 2. d4 d5 3. e5 Bf5 4. c4 e6 5. Nc3 dxc4 6. Bxc4 Nd7 7. Nf3 Nb6 8. Bd3 Bg4 9. h3 Bxf3 10. Qxf3 Qxd4 11. Bf4 Ne7 12. O-O-O Ned5 13. Nxd5 Nxd5 14. Bg3 Be7 15. Kb1 Qb6 16. Ka1 Bc5 17. Qe4 Bd4 18. Rd2 O-O-O 19. Rc1 Nb4 20. Bb1 Rd7 21. f4 Rhd8 22.
f5 a5 23. fxe6 fxe6 24. Qxh7 a4 25. a3 Na6 26. Ba2 Nc5 27. Qc2 Nb3+ 28. Bxb3 axb3 29. Qc4 Rd5 30. Kb1 Be3 31. Rxd5 Rxd5 32. Re1 Qa5 33. Qxb3 Bd4 34. Rd1 Kb8 35. Qc4 Qb6 36. Rd2 Ka8 37. Qa4+ Kb8 38. Qc4 c5 39. Ka2 Qc6 40. Bf2 Bxf2 41.
Rxf2 Rxe5 42. Rf8+ Ka7 43. Rf7 g5 44. Rg7 Rd5 45. Rg6 Re5 46. Rg7 Qd5 47. Qxd5 exd5 48. Kb3 Kb6 49. Rg6+ Ka5 50. Rg7 b6 51. g3 Re3+ 52.
Ka2 Rxg3 53. Rg6 d4 54. Kb1 Kb5 55. Kc1 c4 56. Kd2 Rg2+ 57. Kd1 Rg1+ 58. Kd2 Rg3 59. Kc2 Kc5 60. a4 d3+ 61. Kd2 Rg2+ 62. Kc1 b5 63.
axb5 Kxb5 64. Re6 Kb4 65. Rb6+ Kc5 66. Rf6 Kd4 67. Rd6+ Ke5 68. Rc6 Kd5 69. Rc8 Rg3 70.
Rd8+ Kc5 71. Rh8 Kd5 72. Kd2 Rg2+ 73. Kc1 Rc2+ 74. Kb1 Ke4 75. Re8+ Kf4 76. Rf8+ Kg3 77. Rg8 Kf4 78. Rf8+ Ke3 79. Rg8 Rg2 80. Re8+ Kf3 81. Kc1 Kg3 82. Rh8 Rh2 83. Rc8 Rxh3 84. Rxc4 Kf2 85.
Rg4 Rh5 86. Kd2 Kf3 87. Rg1 g4 88. Kxd3 g3 89. b4 g2 90. Kc4 Rh1 91. Rxg2 Kxg2 92. b5 Kf3 93. b6 Ke4 94. Kc5 Ke5 95. b7 Rb1 96. Kc6 Ke6 97. Kc7 Rc1+ 98. Kb6 Rb1+ 99. Ka7 Ra1+ 100. Kb6 Kd7 101. b8=Q Rb1+ 102. Ka7 Ra1+ 103. Kb7 Rb1+ 104. Ka8 Rxb8+ 105. Kxb8 1/2-1/2